 Seeded DCSS version 0.29-a0-664-gff9cad4a3d (webtiles) character file.

Game seed: 12781424815227474791 (custom seed)

364 zeratav the Skirmisher (level 6, 0/66 HPs)
             Began as an Ogre Venom Mage on June 22, 2022.
             Slain by an ogre
             ... wielding a +0 giant spiked club
              (20 damage)
             ... on level 4 of the Dungeon.
             The game lasted 00:11:24 (4538 turns).

zeratav the Skirmisher (Ogre Venom Mage)            Turns: 4538, Time: 00:11:25

Health: 0/66       AC:  3    Str: 15    XL:     6   Next: 67%
Magic:  9/9        EV: 10    Int: 16    God:
Gold:   165        SH:  0    Dex:  9    Spells: 8/9 levels left

rFire   . . .      SeeInvis .   g - +2 short sword (venom) {short}
rCold   . . .      Faith    .   (no shield)
rNeg    . . .      Spirit   .   a - +0 robe
rPois   .          Reflect  .   (helmet restricted)
rElec   .          Harm     .   (no cloak)
rCorr   .          Rampage  .   (gloves unavailable)
Will    .....                   (boots unavailable)
Stlth   +.........              (no amulet)
HPRegen 0.21/turn               (no ring)
MPRegen 0.11/turn               (no ring)

@: no status effects
A: large, unfitting armour, tough skin 1
a: no special abilities


You were on level 4 of the Dungeon.
You visited 1 branch of the dungeon, and saw 4 of its levels.

You collected 165 gold pieces.


Innate Abilities, Weirdness & Mutations

You are too large for most types of armour.
You have tough skin. (AC +1)


   Skills:
 - Level 5.0 Fighting
 + Level 2.9 Dodging
 - Level 1.4 Stealth
 - Level 2.4 Spellcasting
 - Level 0.8 Transmutations
 - Level 5.0 Poison Magic


You had 8 spell levels left.
You knew the following spells:

 Your Spells              Type           Power      Damage    Failure   Level
a - Sting                 Tmut/Pois      44%        1d5       6%          1

Your spell library contained the following spells:

 Spells                   Type           Power      Damage    Failure   Level
 Poisonous Vapours        Pois/Air       18%        N/A       11%         2
 Summon Small Mammal      Summ           4%         N/A       21%         1
 Olgreb's Toxic Radiance  Pois           17%        N/A       26%         4
 Mephitic Cloud           Conj/Pois/Air  7%         N/A       30%         3
 Call Canine Familiar     Summ           1%         N/A       52%         3
 Summon Guardian Golem    Hex/Summ       1%         N/A       52%         3

Inventory:

Hand Weapons
 g - a +2 short sword of venom (weapon) {short}
   (You took it off a kobold on level 1 of the Dungeon)
Armour
 a - a +0 robe (worn)
Jewellery
 l - a ring of fire
   (You found it on level 3 of the Dungeon)
 m - an amulet of faith {!P}
   (You found it on level 3 of the Dungeon)
 o - a ring of resist corrosion
   (You found it on level 3 of the Dungeon)
Scrolls
 c - 6 scrolls of identify {unknown}
 i - a scroll of teleportation {unknown}
 j - a scroll of brand weapon {unknown}
 n - a scroll of noise {unknown}
 p - a scroll of vulnerability {unknown}
 q - a scroll of enchant weapon {unknown}
Potions
 b - a potion of magic
 d - 3 potions of curing {unknown}
 e - 2 potions of attraction {unknown}
 f - 3 potions of might {unknown}
 h - 3 potions of lignification {unknown}
 k - a potion of degeneration {unknown}

Dungeon Overview and Level Annotations

Branches:
Dungeon (4/15) Zot: 19431
 Temple: D:4-7

Altars:
Kikubaaqudgha
Yredelemnul
Zin

Annotations:
D:3 3 runed translucent doors, Sigmund; happo123's ghost, amateur DENe

#.# #..#....#### #.#
#.###.....# #.#
#..###..#.###### #.#
##..###......... #.#
####.........###.## #.#
#>......(##.......# #.# ###
#...#####....>...... #.#
###.......#.# #..######.##
##.###...# ### #@# ##.# #.##
.......# #O# #)# #..#
.......### ####r######.# ##.#
.........## #........##.##
#.#
.......#..###........##..#
#..
<......##............###.####
### .......######........#
#....## ## ##.#####
#.......r# ####..# #. #.#
#........# ##.###.


You could see an ogre (extremely poisoned) and a quokka.


Message History

You climb downwards.
The goblin closely misses you. The goblin hits you with a +0 club.
There is a stone staircase leading up, spattered with blood here.
HP[-2]
You take 2 damage, and now have 64/66 hp.
You hit the goblin.
You kill the goblin!
The gnoll misses you. The gnoll hits you with a +0 spear.
HP[-5]
You take 5 damage, and now have 59/66 hp.
You hit the gnoll.
The gnoll is poisoned.
The gnoll hits you with a +0 spear.
HP[-5]
You take 5 damage, and now have 54/66 hp.
You barely miss the gnoll. The gnoll hits you with a +0 spear.
HP[-5]
You take 5 damage, and now have 49/66 hp.
You hit the gnoll.
The gnoll looks as sick as possible!
The gnoll hits you with a +0 spear.
HP[-4]
You take 4 damage, and now have 45/66 hp.
You barely miss the gnoll.
You kill the gnoll!
Things that are here:
a +0 spear {polearm}; a gnoll corpse You start resting.
HP[+21]
Your hp is fully restored (66).
You see here a +0 whip {mace}.
You see here 3 stones {throwing}.
You now have 148 gold pieces (gained 9).
f - 3 purple potions (gained 2)
e - 2 dark potions (gained 1)
You now have 158 gold pieces (gained 10).
A ball python comes into view.
The ball python hisses angrily.
You closely miss the ball python. The ball python closely misses you.
You closely miss the ball python.
The ball python bites you but does no damage.
You closely miss the ball python. The ball python bites you. x2
HP[-4]
You take 4 damage, and now have 62/66 hp.
You hit the ball python.
You kill the ball python!
You see here a ball python corpse.
A ball python comes into view.
HP[+1]
An adder comes into view.
The ball python bites you.
HP[-1]
You take 1 damage, and now have 62/66 hp.
You hit the ball python.
You kill the ball python!
You see here a ball python corpse.
The adder bites you.
You barely miss the adder. The adder bites you but does no damage.
You hit the adder.
The adder is poisoned.
Your punch misses the adder. The adder closely misses you.
You closely miss the adder. The adder barely misses you. The adder bites you.
HP[-3]
You take 3 damage, and now have 59/66 hp.
You hit the adder.
The adder looks as sick as possible!
You kill the adder!
HP[+1]
You see here an adder corpse.
HP[+1]
You start resting.
HP[+5]
Your hp is fully restored (66).
You now have 165 gold pieces (gained 7).
Found a stone staircase leading up.
An ogre comes into view. It is wielding a +0 giant spiked club.
The ogre shouts!
A quokka comes into view.
You hit the ogre but do no damage.
The ogre is poisoned.
The ogre hits you with a +0 giant spiked club!!
HP[-18]
You take 18 damage, and now have 48/66 hp.
MASSIVE DAMAGE!! (PAUSE)
You completely miss the ogre. The ogre barely misses you.
You hit the ogre.
The ogre looks as sick as possible!
HP[+1]
You hit the ogre but do no damage.
The ogre looks as sick as possible!
The ogre hits you with a +0 giant spiked club!
* * * LOW HITPOINT WARNING * * *
HP[-17]
You take 17 damage, and now have 32/66 hp.
MASSIVE DAMAGE!! (PAUSE)
You hit the ogre.
The ogre hits you with a +0 giant spiked club!
* * * LOW HITPOINT WARNING * * *
HP[-13]
You take 13 damage, and now have 19/66 hp.
You hit the ogre.
The ogre looks as sick as possible!
The ogre closely misses you.
You hit the ogre.
The ogre looks as sick as possible!
HP[+1]
You hit the ogre.
The ogre hits you with a +0 giant spiked club!!
You die...

Skill      XL: |  1  2  3  4  5  6 |
---------------+-------------------+-----
Fighting       | 1 2 3 4 5 |  5.0
Poison Magic   | 3 4 5 |  5.0
Dodging        | 2 |  2.9
Stealth        | |  1.4
Spellcasting   | |  2.4
Transmutations | |  0.8

Action                   |  1- 3 |  4- 6 || total
-------------------------+-------+-------++-------
Melee: Short sword       |    54 |   147 ||   201
       Unarmed           |     2 |       ||     2
       Punch             |     2 |     3 ||     5
 Cast: Sting             |     9 |       ||     9
 Stab: Sleeping          |       |     1 ||     1
Armor: Robe              |    35 |    29 ||    64
Dodge: Dodged            |    34 |    72 ||   106

Levels and vault maps discovered:
D:1:      zaba_arrival_water, layout_loops_ring, ebering_ecumenical_altar_webs,
          item_on_display_a
D:2:      layout_basic, interstate_on_off, hangedman_abyss_or_decor_lesser_grid,
          minmay_domino_2
D:3:      layout_loops_ring, mainiacjoe_overflow_alcove_1,
          overflow_temple_1_default, lemuel_doored_altar, gammafunk_ghost_split,
          minmay_checkerbox, uniq_sigmund, uniq_grinder
D:4:      layout_rooms, serial_shops, shop

Notes
Turn   | Place    | Note
-------+----------+-------------------------------------------
     0 | D:1      | zeratav the Ogre Venom Mage began the quest for the Orb.
     0 | D:1      | Reached XP level 1. HP: 16/16 MP: 3/3
     0 | D:1      | magus.rc [v1.9.6]
   333 | D:1      | Found a faded altar of an unknown god.
   344 | D:1      | Reached skill level 1 in Fighting
   372 | D:1      | Reached XP level 2. HP: 24/27 MP: 3/5
   576 | D:1      | You fall into a shaft and drop 1 floor!
   612 | D:2      | Reached skill level 3 in Poison Magic
   622 | D:2      | You pick up a book of Callings and begin reading...
   622 | D:2      | You add the spells Summon Small Mammal, Call Canine
                  | Familiar and Summon Guardian Golem to your library.
   883 | D:2      | Reached skill level 2 in Fighting
   883 | D:2      | Reached XP level 3. HP: 22/36 MP: 6/6
  1503 | D:2      | Noticed a scorpion
  1511 | D:2      | Killed a scorpion
  1512 | D:2      | Reached skill level 3 in Fighting
  1512 | D:2      | Reached XP level 4. HP: 34/46 MP: 5/7
  2021 | D:3      | Found a runed translucent gate.
  2021 | D:3      | Found a runed translucent gate.
  2035 | D:3      | Found a glowing silver altar of Zin.
  2048 | D:3      | Noticed happo123's ghost (amateur DENe)
  2049 | D:3      | Found a runed translucent gate.
  2228 | D:3      | Reached skill level 4 in Fighting
  2235 | D:3      | Reached skill level 4 in Poison Magic
  2235 | D:3      | Reached XP level 5. HP: 47/54 MP: 8/8
  2503 | D:3      | HP: 8/55 [gnoll/+0 whip (8)]
  2504 | D:3      | HP: 2/55 [gnoll/+0 whip (6)]
  2967 | D:3      | Noticed Sigmund
  3083 | D:3      | Found a basalt altar of Yredelemnul.
  3306 | D:3      | Found an ancient bone altar of Kikubaaqudgha.
  3403 | D:4      | Reached skill level 5 in Fighting
  3403 | D:4      | Reached XP level 6. HP: 36/66 MP: 9/9
  3640 | D:3      | Reached skill level 5 in Poison Magic
  3640 | D:3      | Reached skill level 2 in Dodging
  3857 | D:4      | HP: 12/66 [gnoll/+0 whip (6)]
  3862 | D:3      | HP: 9/66 [gnoll/+0 whip (4)]
  4538 | D:4      | Slain by an ogre

Vanquished Creatures
  A phantom (D:3)
  2 scorpions
  8 gnolls
  6 adders
  4 dart slugs
  4 ball pythons
  An endoplasm (D:3)
  3 giant cockroaches
  5 goblins
  2 hobgoblins
  2 jackals (D:2)
  3 quokkas (D:3)
  2 bats (D:2)
  A frilled lizard (D:2)
  5 kobolds
  5 rats
54 creatures vanquished.

Table legend:
 A = Non-vault XP
 B = Vault XP
 C = Vault XP percentage of total XP
 D = Non-vault monster count
 E = Vault monster count
 F = Vault count percentage of total count
                 A         B        C        D         E       F
            +---------+---------+-------+---------+---------+-------
      Total |     516 |       5 |   1.0 |      51 |       3 |   5.6
            +---------+---------+-------+---------+---------+-------
        D:1 |      11 |       0 |   0.0 |       7 |       0 |   0.0
        D:2 |     115 |       1 |   0.9 |      15 |       1 |   6.2
        D:3 |     262 |       4 |   1.5 |      22 |       2 |   8.3
        D:4 |     128 |       0 |   0.0 |       7 |       0 |   0.0
            +---------+---------+-------+---------+---------+-------

Illustrated notes

Table legend:
 A = Kills in this place as a percentage of kills in entire the game.
 B = Kills by you in this place as a percentage of kills by you in the entire game.
 C = Kills by friends in this place as a percentage of kills by friends in the entire game.
 D = Other kills in this place as a percentage of other kills in the entire game.
 E = Experience gained in this place as a percentage of experience gained in the entire game.
 F = Experience gained in this place divided by the number of levels of this place that you have seen.
                   A       B       C       D       E      F
               +-------+-------+-------+-------+-------+----------------------
         Total | 100.0 | 100.0 |   N/A |   N/A | 100.0 | 130.2
       Dungeon | 100.0 | 100.0 |   N/A |   N/A | 100.0 | 130.2
               +-------+-------+-------+-------+-------+----------------------

Table legend: (Time is in decaauts)
 A = Elapsed time spent in this place.
 B = Non-inter-level travel time spent in this place.
 C = Inter-level travel time spent in this place.
 D = Time resting spent in this place.
 E = Time spent auto-exploring this place.
 F = Levels seen in this place.
 G = Mean time per level.
                   A        B        C        D        E       F      G
               +--------+--------+--------+--------+--------+-----+--------+
         Total |   4567 |   4416 |    151 |   1914 |   1354 |   4 | 1141.8 |
       Dungeon |   4567 |   4416 |    151 |   1914 |   1354 |   4 | 1141.8 |
               +--------+--------+--------+--------+--------+-----+--------+

Top non-repeatable levels by time:
     D:3: 1731 daAuts
     D:2: 1533 daAuts
     D:1: 768 daAuts
     D:4: 535 daAuts
